 Dungeon Crawl Stone Soup version 0.20-b1 (webtiles) character file.

10466 galech the Grappler (level 11, -6/104 HPs)
             Began as a Troll Monk on May 19, 2017.
             Was a High Priest of Okawaru.
             Mangled by an ice devil (10 damage)
             ... in an ice cave.
             The game lasted 00:18:46 (7604 turns).

galech the Grappler (Troll Monk)                    Turns: 7604, Time: 00:18:47

Health: -6/104     AC:  5    Str: 24    XL:     11   Next: 36%
Magic:  10/10      EV: 14    Int:  6    God:    Okawaru [*****.]
Gold:   148        SH:  0    Dex: 14    Spells: 10/10 levels left

rFire    + . .     SeeInvis .     - Unarmed
rCold    . . .     Gourm    +   (no shield)
rNeg     . . .     Faith    .   a - +0 robe
rPois    .         Spirit   .   (helmet restricted)
rElec    .         Reflect  .   (no cloak)
rCorr    .         Harm     .   (gloves unavailable)
MR       .....                  (boots unavailable)
Stlth    +++.......             y - amulet of regeneration
Regen    1.1/turn               g - ring of protection from fire
MPRegen  0.2/turn               i - +2 ring of dexterity

@: no status effects
A: unfitting armour, claws 3, fast metabolism 3, gourmand, regeneration 1,
shaggy fur 1, tough skin 2
a: Heroism, Finesse, Renounce Religion


You were in an ice cave.
You worshipped Okawaru.
Okawaru was extremely pleased with you.
You were not hungry.

You visited 2 branches of the dungeon, and saw 12 of its levels.
You also visited: Ice Cave.

You collected 631 gold pieces.
You spent 483 gold pieces at shops.

Inventory:

Hand Weapons
 p - a +2 arbalest of flaming
 B - the +4 giant spiked club "Vinloppe" {crush, rF+ rN+ MR+}
   (Okawaru gifted it to you on level 8 of the Dungeon)

   It inflicts extra damage upon your enemies.
   It protects you from fire.
   It protects you from negative energy.
   It affects your resistance to hostile enchantments.
Armour
 a - a +0 robe (worn)
Jewellery
 g - a ring of protection from fire (left claw)
 i - a +2 ring of dexterity (right claw)
 r - an uncursed ring of flight
 u - an uncursed ring of wizardry
 y - an amulet of regeneration (around neck)
Wands
 w - a wand of disintegration (16/24)
 J - a wand of random effects (43/48)
 P - a wand of random effects (29/48)
Scrolls
 f - a scroll of enchant weapon
 h - 2 scrolls of blinking
 j - 7 scrolls of fog
 l - a scroll of teleportation
 n - 5 scrolls of recharging
 o - 3 scrolls of remove curse
 v - 5 scrolls of amnesia
 A - 7 scrolls of enchant armour
 C - 2 scrolls of brand weapon
 D - 2 scrolls of vulnerability
 H - a scroll of fear
 L - 2 scrolls of immolation
 O - a scroll of identify
Potions
 c - 7 potions of curing {unknown}
 d - 2 potions of magic {unknown}
 e - a potion of flight {unknown}
 k - 2 potions of brilliance {unknown}
 s - a potion of heal wounds
 x - a potion of agility {unknown}
 z - 2 potions of berserk rage {unknown}
 E - a potion of mutation {unknown}
 F - a potion of lignification {unknown}
 I - a potion of experience {unknown}
 M - a potion of cancellation
Books
 G - a book of Changes

   Spells                             Type                      Level
   a - Beastly Appendage              Transmutation                1
   b - Sticks to Snakes               Transmutation                2
   c - Spider Form                    Transmutation/Poison         3
   d - Ice Form                       Ice/Transmutation            4
   e - Blade Hands                    Transmutation                5
 K - a book of Minor Magic

   Spells                             Type                      Level
   a - Magic Dart                     Conjuration                  1
   b - Blink                          Translocation                2
   c - Call Imp                       Summoning                    2
   d - Slow                           Hexes                        2
   e - Conjure Flame                  Conjuration/Fire             3
   f - Mephitic Cloud                 Conjuration/Poison/Air       3
Comestibles
 b - 9 bread rations
 m - 19 fruits
 q - 4 meat rations
 t - 6 royal jellies


   Skills:
 + Level 5.4 Fighting
 + Level 7.4 Dodging
 + Level 4.0 Stealth
 + Level 13.4 Unarmed Combat
 + Level 0.1 Invocations


You had 10 spell levels left.
You didn't know any spells.

Dungeon Overview and Level Annotations

Branches:
Dungeon (11/15)            Temple (1/1) D:6            Lair (0/6) D:9
    Orc: D:9-12

Altars:
Dithmenos
Elyvilon
Nemelex Xobeh
Okawaru
Ru
Trog
Zin
The Shining One

Shops:
D:8 ?   D:9 :=


Innate Abilities, Weirdness & Mutations

You are too large for most types of armour.
You have claws for hands.
Your metabolism is lightning-fast.
You like to eat raw meat.
Your natural rate of healing is unusually fast.
You are covered in fur. (AC +1)
You have very tough skin. (AC +2)


Message History

You claw the ice devil!
The ice devil is heavily wounded.
You scratch the ice devil.
The ice devil is severely wounded.
The ice devil barely misses you.
You closely miss the ice devil. You claw the ice devil!!
You kill the ice devil!
Okawaru accepts your kill. The ice devil hits you! The ice devil freezes you!!
You barely miss the ice devil. The ice devil hits you!
* * * LOW HITPOINT WARNING * * *
The ice devil freezes you!
* * * LOW HITPOINT WARNING * * *
You barely miss the ice devil. You scratch the ice devil.
The ice devil is lightly wounded.
The ice devil hits you!
* * * LOW HITPOINT WARNING * * *
The ice devil freezes you!
You die...

### #§### ..§§###
.§§≈§.####
..§.§....###########
..§§#.........##..[##
..§###.#........@..[#
.§## ######..##.4...#
### #≈..##....###
#...###.### ##... ###
##.. ###. #


You could see an ice devil.

Vanquished Creatures
  2 two-headed ogres
  2 ice statues (IceCv)
  2 ice devils (IceCv)
  A troll (D:9)
  2 dream sheep (D:8)
  A hippogriff (D:10)
  A wyvern (D:10)
  14 yaks
  A steam dragon (D:7)
  4 hungry ghosts
  2 hell hounds (D:9)
  The ghost of PeterMcNeter the Gusty, an amateur TeAE (D:3)
  A water moccasin (D:10)
  4 ice beasts
  An orc warrior (D:7)
  An ogre (D:9)
  8 centaurs
  7 bullfrogs
  4 big kobolds (D:8)
  A scorpion (D:4)
  3 howler monkeys
  A jelly (D:7)
  A centaur zombie (D:7)
  3 crimson imps
  3 lava snakes (D:9)
  4 hounds
  9 orc wizards
  5 orc priests
  4 bullfrog skeletons
  Ijyb (D:4)
  3 iguanas
  5 worker ants
  3 hound skeletons
  A howler monkey zombie (D:7)
  8 gnolls
  11 adders
  A howler monkey skeleton (D:5)
  2 shadow imps
  4 white imps (IceCv)
  6 ufetubi (IceCv)
  An ooze (D:6)
  3 adder skeletons
  A worm (D:2)
  3 dart slugs
  7 leopard geckos
  31 orcs
  6 bats
  2 giant cockroaches
  9 goblins
  5 hobgoblins
  9 jackals
  16 kobolds
  2 quokkas
  A ball python (D:1)
  6 frilled lizards
  A jackal skeleton (D:7)
  A leopard gecko skeleton (D:5)
  6 rats
248 creatures vanquished.

Vanquished Creatures (collateral kills)
  A two-headed ogre (D:11)
1 creature vanquished.

Vanquished Creatures (others)
  2 white imps (IceCv)
  3 ufetubi (IceCv)
  A hobgoblin (D:3)
6 creatures vanquished.

Grand Total: 255 creatures vanquished

Notes
Turn   | Place    | Note
-------+----------+-------------------------------------------
     0 | D:1      | galech the Troll Monk began the quest for the Orb.
     0 | D:1      | Reached XP level 1. HP: 22/22 MP: 0/0
    48 | D:1      | Reached XP level 2. HP: 25/29 MP: 1/1
   468 | D:2      | Reached XP level 3. HP: 19/36 MP: 2/2
   935 | D:3      | Reached skill level 4 in Unarmed Combat
   935 | D:3      | Reached XP level 4. HP: 44/44 MP: 3/3
  1184 | D:3      | Reached XP level 5. HP: 42/52 MP: 4/4
  1320 | D:3      | Noticed PeterMcNeter's ghost (amateur TeAE)
  1345 | D:4      | Noticed an ogre
  1348 | D:4      | Noticed Ijyb
  1363 | D:5      | Entered Level 5 of the Dungeon
  1406 | D:5      | Noticed an ice beast
  1411 | D:5      | Killed an ice beast
  1411 | D:5      | Reached skill level 5 in Unarmed Combat
  1411 | D:5      | Reached XP level 6. HP: 48/59 MP: 5/5
  1649 | D:5      | Noticed an ice beast
  1657 | D:5      | Killed an ice beast
  1739 | D:5      | Reached skill level 6 in Unarmed Combat
  1739 | D:5      | Reached XP level 7. HP: 63/66 MP: 6/6
  2203 | D:3      | Killed PeterMcNeter's ghost
  2330 | D:3      | Reached skill level 7 in Unarmed Combat
  2889 | D:4      | Killed Ijyb
  3413 | D:6      | Found a staircase to the Ecumenical Temple.
  3422 | Temple   | Entered the Ecumenical Temple
  3439 | Temple   | Became a worshipper of Warmaster Okawaru
  3439 | Temple   | Reached * piety under Okawaru
  3439 | Temple   | Reached ** piety under Okawaru
  3547 | D:6      | Reached XP level 8. HP: 64/75 MP: 7/7
  3983 | D:6      | Reached skill level 8 in Unarmed Combat
  4349 | D:7      | Reached *** piety under Okawaru
  4422 | D:7      | Reached skill level 5 in Dodging
  4424 | D:7      | Received a gift from Okawaru
  4424 | D:7      | Reached skill level 9 in Unarmed Combat
  4488 | D:7      | Reached XP level 9. HP: 52/84 MP: 8/8
  5065 | D:9      | Found a staircase to the Lair.
  5068 | D:9      | Reached skill level 10 in Unarmed Combat
  5135 | D:9      | Found Papsyr's Book Shoppe.
  5164 | D:9      | Noticed a troll
  5193 | D:9      | Killed a troll
  5363 | D:9      | Reached **** piety under Okawaru
  5424 | D:9      | Reached skill level 11 in Unarmed Combat
  5427 | D:9      | Reached XP level 10. HP: 45/94 MP: 9/9
  5436 | D:9      | Reached ***** piety under Okawaru
  5553 | D:9      | Found Xatuw's Jewellery Shoppe.
  5895 | D:8      | Found Tocry's Magic Scroll Boutique.
  5914 | D:8      | Bought a scroll of enchant armour for 105 gold pieces
  5914 | D:8      | Bought a scroll of recharging for 133 gold pieces
  5914 | D:8      | Bought 3 scrolls of identify for 84 gold pieces
  5914 | D:8      | Bought a scroll of identify for 28 gold pieces
  5914 | D:8      | Bought a scroll of enchant armour for 105 gold pieces
  5914 | D:8      | Bought a scroll of identify for 28 gold pieces
  6168 | D:8      | Noticed a two-headed ogre
  6180 | D:8      | Killed a two-headed ogre
  6180 | D:8      | Received a gift from Okawaru
  6187 | D:8      | Reached skill level 12 in Unarmed Combat
  6347 | D:8      | Reached skill level 5 in Fighting
  6365 | D:8      | Received a gift from Okawaru
  6368 | D:8      | Got a brightly glowing giant spiked club {god gift}
  6369 | D:8      | Identified the +4 giant spiked club "Vinloppe" {crush, rF+ rN+ MR+} (Okawaru gifted it to you on level 8 of the Dungeon)
  6391 | D:8      | Noticed a two-headed hydra
  6514 | D:10     | Entered Level 10 of the Dungeon
  6619 | D:10     | Noticed a two-headed ogre
  6628 | D:10     | Killed a two-headed ogre
  6679 | D:10     | Reached XP level 11. HP: 72/104 MP: 10/10
  6919 | D:10     | Reached skill level 13 in Unarmed Combat
  7133 | D:11     | Noticed a two-headed ogre
  7140 | D:11     | Killed a two-headed ogre
  7238 | D:11     | Found a frozen archway.
  7284 | IceCv    | Entered an ice cave
  7521 | IceCv    | Received a gift from Okawaru
  7604 | IceCv    | HP: 4/104 [ice devil (8)]
  7604 | IceCv    | Mangled by an ice devil

Skill      XL: |  1  2  3  4  5  6  7  8  9 10 11 |
---------------+----------------------------------+-----
Unarmed Combat | 4 5 6 7 9 11 12 13 | 13.4
Dodging        | 3 4 5 6 7 |  7.4
Fighting       | 3 4 5 |  5.4
Stealth        | 2 3 4 |  4.0
Invocations    | |  0.1

Action                   |  1- 3 |  4- 6 |  7- 9 | 10-12 || total
-------------------------+-------+-------+-------+-------++-------
Melee: Unarmed           |   102 |   111 |   292 |   241 ||   746
       Punch             |       |     3 |    10 |    23 ||    36
Invok: Heroism           |       |       |       |     1 ||     1
  Use: Scroll            |       |     2 |       |    14 ||    16
 Stab: Sleeping          |     4 |       |     6 |     1 ||    11
       Distracted        |       |       |     2 |       ||     2
  Eat: Chunk             |    14 |     8 |    43 |    19 ||    84
Armor: Robe              |    33 |    21 |    41 |    45 ||   140
Dodge: Dodged            |    48 |    59 |   177 |   181 ||   465
